 Dungeon Crawl Stone Soup version 0.24.0-35-gdb84b6a5db (webtiles) character file.

Game seed: 4469612149815745887, levelgen mode: deterministic

166 MiernyMiazsz the Chopper (level 5, -5/46 HPs)
             Began as a Hill Orc Fighter on Nov 19, 2019.
             Slain by a gnoll
             ... wielding a +0 halberd
              (14 damage)
             ... on level 3 of the Dungeon.
             The game lasted 00:04:34 (2063 turns).

MiernyMiazsz the Chopper (Hill Orc Fighter)         Turns: 2063, Time: 00:04:36

Health: -5/46      AC:  7    Str: 20    XL:     5   Next: 47%
Magic:  5/5        EV:  8    Int:  8    God:
Gold:   46         SH:  9    Dex: 10    Spells: 4/4 levels left

rFire    x . .     SeeInvis .   a - +0 war axe
rCold    + . .     Gourm    .   c - +0 shield
rNeg     . . .     Faith    .   b - +0 scale mail
rPois    .         Spirit   .   (no helmet)
rElec    .         Reflect  .   (no cloak)
rCorr    .         Harm     .   (no gloves)
MR       .....     Rnd*Tele +   (no boots)
Stlth    ..........             (no amulet)
HPRegen  0.15/turn              d - ring of ice
MPRegen  0.09/turn              e - ring of teleportation (curse)

@: lethally poisoned (-5 -> -7)
A: no striking features
a: no special abilities


You were on level 3 of the Dungeon.
You were hungry.

You visited 1 branch of the dungeon, and saw 3 of its levels.

You collected 46 gold pieces.

Inventory:

Hand Weapons
 a - a +0 war axe (weapon)
Armour
 b - a +0 scale mail (worn)
 c - a +0 shield (worn)
Jewellery
 d - a ring of ice (left hand)
 e - a cursed ring of teleportation (right hand)
 h - an uncursed ring of ice
Scrolls
 i - a scroll of identify {unknown}
 j - a scroll of enchant armour {unknown}
 k - 3 scrolls of amnesia {unknown}
 l - a scroll of teleportation {unknown}
Potions
 g - a potion of heal wounds {unknown}
 m - a potion of mutation {unknown}
Comestibles
 f - 2 rations


   Skills:
 + Level 4.2 Fighting
 + Level 5.0 Axes
 + Level 3.8 Armour
 + Level 1.4 Dodging
 + Level 4.1 Shields


You had 4 spell levels left.
You didn't know any spells.
Your spell library was empty.

Dungeon Overview and Level Annotations

Branches:
Dungeon (3/15)

Altars:
Wu Jian
Xom

Annotations:
D:3 Grinder


Message History

You hit the adder.
The adder is lightly wounded.
You barely miss the goblin. You block the adder's attack.
The gnoll hits you from afar with a +0 halberd.
The goblin hits you but does no damage. You block the adder's attack.
You barely miss the adder.
The adder is lightly wounded.
Your shield prevents you from hitting the goblin.
You feel sick.
The gnoll hits you from afar with a +0 halberd!
* * * LOW HITPOINT WARNING * * *
You block the adder's attack. You block the goblin's attack.
The adder bites you but does no damage.
You miss the adder.
The adder is lightly wounded.
You hit the goblin. The goblin hits you but does no damage.
The gnoll barely misses you. You block the adder's attack.
You block the goblin's attack.
The gnoll hits you from afar with a +0 halberd!
You die...

# #.#####
### .....
.. ...#.#
#...#####.
#<)......
#.####..#
#@# #gS#


#Srg #.... ....♣. ....♣.♣. ...♣._ ♣. .... ♣.♣ .. You could see a gnoll, an
adder, a goblin, a ball python and a rat.

Vanquished Creatures
  Jessica (D:2)
  3 gnolls (D:3)
  6 adders
  An ooze (D:1)
  A dart slug (D:1)
  A leopard gecko (D:2)
  An orc (D:3)
  3 giant cockroaches
  4 goblins
  5 hobgoblins
  A quokka (D:2)
  A ball python (D:2)
  7 bats
  8 frilled lizards
  11 kobolds
  4 rats
58 creatures vanquished.

Notes
Turn   | Place    | Note
-------+----------+-------------------------------------------
     0 | D:1      | MiernyMiazsz the Hill Orc Fighter began the quest for the
                  | Orb.
     0 | D:1      | Reached XP level 1. HP: 19/19 MP: 1/1
   445 | D:1      | Reached XP level 2. HP: 19/27 MP: 2/2
   704 | D:1      | Reached skill level 3 in Axes
  1039 | D:1      | Reached XP level 3. HP: 25/33 MP: 3/3
  1243 | D:2      | Found an ornate altar of the Wu Jian Council.
  1249 | D:2      | Reached skill level 1 in Dodging
  1319 | D:2      | Reached XP level 4. HP: 40/40 MP: 4/4
  1387 | D:2      | Noticed Jessica
  1405 | D:2      | Killed Jessica
  1405 | D:2      | Reached skill level 4 in Axes
  1459 | D:2      | Reached XP level 5. HP: 14/46 MP: 5/5
  1975 | D:2      | Found a shimmering altar of Xom.
  2047 | D:3      | Found a faded altar of an unknown god.
  2058 | D:3      | Noticed Grinder
  2060 | D:3      | Reached skill level 5 in Axes
  2063 | D:3      | Slain by a gnoll

Levels and vault maps discovered:
D:1:      sevenhm_arrival_forest_fort_small_3, layout_loops_ring
D:2:      layout_rooms, overflow_temple_1_default,
          lemuel_coloured_pillars_altar, uniq_jessica
D:3:      layout_rooms, lemuel_crystal_altar, marbit_many_paths,
          chequers_ecumenical_altar_simple_redux, first_ration,
          gammafunk_ghost_cemetery, uniq_grinder

Skill      XL: |  1  2  3  4  5 |
---------------+----------------+-----
Axes           | 3 4 5 |  5.0
Dodging        | 1 |  1.4
Fighting       | 4 |  4.2
Shields        | 4 |  4.1
Armour         | |  3.8

Action                   |  1- 3 |  4- 6 || total
-------------------------+-------+-------++-------
Melee: War axe           |   112 |    61 ||   173
  Use: Potion            |     1 |     2 ||     3
  Eat: Chunk             |     1 |     2 ||     3
Armor: Scale mail        |    70 |    34 ||   104
Dodge: Dodged            |    47 |    28 ||    75
Block: Shield            |    65 |    47 ||   112
